 Dungeon Crawl Stone Soup version 0.28-a0-674-gdaf460b524 (webtiles) character file.

Game seed: 12941242273344189570

2291 Irenicus the Earth Mage (level 9, -3/68 HPs)
             Began as a Deep Dwarf Earth Elementalist on Oct 17, 2021.
             Slain by a vampire (5 damage)
             ... on level 7 of the Dungeon.
             The game lasted 00:28:55 (3087 turns).

Irenicus the Earth Mage (DDEE)                      Turns: 3087, Time: 00:28:56

Health: -3/68      AC:  9    Str: 12    XL:     9   Next: 17%
Magic:  1/11       EV: 12    Int: 19    God:
Gold:   284        SH:  0    Dex: 13    Spells: 6/12 levels left

rFire   . . .      SeeInvis .   j - +1 dagger
rCold   . . .      Faith    .   (no shield)
rNeg    . . .      Spirit   .   p - +0 leather armour
rPois   .          Reflect  .   g - +0 helmet
rElec   .          Harm     .   (no cloak)
rCorr   .          Rampage  .   (no gloves)
Will    +....                   m - +0 pair of boots
Stlth   ++........              (no amulet)
HPRegen 0.00/turn               (no ring)
MPRegen 0.12/turn               (no ring)

@: mighty
A: damage resistance, heal wounds, sense surroundings 2, no regeneration,
iridescent scales 2
a: Heal Wounds


You were on level 7 of the Dungeon.
You visited 1 branch of the dungeon, and saw 7 of its levels.
You also visited: Ossuary.

You collected 284 gold pieces.


Innate Abilities, Weirdness & Mutations

You are resistant to damage.
You can heal yourself by infusing magical energy.
You passively map the area around you.
You do not regenerate.
You are mostly covered in iridescent scales. (AC +4)


   Skills:
 - Level 2.1 Dodging
 - Level 2.4 Stealth
 - Level 2.0 Spellcasting
 - Level 0.8 Transmutations
 + Level 15.9 Earth Magic


You had 6 spell levels left.
You knew the following spells:

 Your Spells              Type           Power      Damage    Failure   Level
t - Stone Arrow           Conj/Erth      64%        3d11      2%          3
w - Passwall              Tmut/Erth      27%        N/A       1%          2
z - Sandblast             Erth           100%       2d20      1%          1

Your spell library contained the following spells:

 Spells                   Type           Power      Damage    Failure   Level
 Petrify                  Tmut/Erth      33%        N/A       7%          4
 Animate Skeleton         Necr           2%         N/A       22%         1
 Pain                     Necr           4%         1d4       22%         1
 Vampiric Draining        Necr           0%         2d6       54%         3

Inventory:

Hand Weapons
 j - a +1 dagger (weapon)
Missiles
 c - 31 stones
Armour
 g - a +0 helmet (worn)
 m - a +0 pair of boots (worn)
 p - a +0 leather armour (worn)
Magical Staves
 o - a staff of fire {!a}
Jewellery
 L - a ring of flight
Scrolls
 d - 3 scrolls of enchant weapon
 h - 6 scrolls of fog
 k - a scroll of immolation
 l - a scroll of magic mapping {unknown}
 n - 2 scrolls of identify {@r1}
Potions
 a - 2 potions of resistance
 b - a potion of magic
 q - a potion of might

Dungeon Overview and Level Annotations

Branches:
Dungeon (7/15)            Ossuary (visited)
 Temple: D:4-7

Altars:
Yredelemnul

Shops:
D:2 : D:4

( #.##.#.##### ,, #.
#.#.....# ** ,,,,* #.
#.#####.# , #. #.#
#.###### ####▒▒▒▒ * #.
#.# #.##...# #......#* ,
#. #(# #....#.#
#.#......# #. #.#
####...# #.##.....#*, #.
#.########.#.######.#
......#, #.
#.........###@{.....#
##.....
#.###########.#.########
##### #...# ##.#* *
###.# #.# * #.# #.# *, *
* #.# #.##### *, #.#
#.....# * #.# #####.# ,
, ,,, #.# #.# , ,


There were no monsters in sight!


Message History

You feel much better. Something hits you.
Something bites you but does no damage.
You puncture something! Something hits you but does no damage.
Something completely misses you.
You miss something. Something hits you but does no damage. Something bites you!
* * * LOW HITPOINT WARNING * * *
Something draws strength from your injuries!
You hit something but do no damage. Something hits you but does no damage.
Something bites you.
* * * LOW HITPOINT WARNING * * *
Something draws strength from your injuries!
You barely miss something. Something hits you!
* * * LOW HITPOINT WARNING * * *
Something bites you.
* * * LOW HITPOINT WARNING * * *
Something draws strength from your injuries!
You hit something but do no damage. Something hits you. Something bites you!
* * * LOW HITPOINT WARNING * * *
Something draws strength from your injuries!
You barely miss something. Something hits you.
* * * LOW HITPOINT WARNING * * *
Something bites you.
* * * LOW HITPOINT WARNING * * *
Something draws strength from your injuries!
You puncture something! Something hits you but does no damage.
Something bites you but does no damage.
You closely miss something. Something hits you.
* * * LOW HITPOINT WARNING * * *
Something bites you!
You die...

Skill      XL: |  1  2  3  4  5  6  7  8 |
---------------+-------------------------+-----
Earth Magic    | 5 6 7 8 10 12 15 | 15.9
Spellcasting   | 2 |  2.0
Dodging        | |  2.1
Stealth        | |  2.4
Transmutations | |  0.8

Action                   |  1- 3 |  4- 6 |  7- 9 || total
-------------------------+-------+-------+-------++-------
Melee: Unarmed           |    19 |       |    30 ||    49
       Club              |    13 |       |       ||    13
       Dagger            |     1 |    23 |    31 ||    55
       Staff             |       |    25 |       ||    25
Throw: Throwing net      |       |     1 |       ||     1
 Cast: Sandblast         |    41 |   102 |    90 ||   233
       Passwall          |     4 |     2 |     7 ||    13
       Stone Arrow       |       |       |     4 ||     4
 Abil: Heal Wounds       |       |     1 |     5 ||     6
  Use: Scroll            |       |     9 |     1 ||    10
       Potion            |       |     5 |     7 ||    12
 Stab: Sleeping          |     1 |       |       ||     1
Armor: Robe              |     9 |       |       ||     9
       Leather armour    |       |    23 |    44 ||    67
       Skin              |       |       |    42 ||    42
Dodge: Dodged            |    24 |    40 |    28 ||    92

Levels and vault maps discovered:
D:1:      minmay_arrival_shattered_statue, layout_basic
D:2:      layout_loops_ring, serial_shops, shop, minmay_quadrilaterals
D:3:      layout_loops_cross, shapermc_ecumenical_altar_acropolis,
          grunt_ministairs_8, minmay_cut_off, uniq_jessica
D:4:      layout_cave_pools, enter_ossuary_5, corexii_hall_statues_s,
          nicolae_stop_n_shop_2, minivault_4, st_stairs_1
D:5:      layout_basic, chequers_serial_rivers_small_b, uniq_edmund
D:6:      layout_gridville, dk_yredelemnul_ordeal
D:7:      minmay_opposing_rooms, layout_loops_ring,
          minmay_temple_entry_junction_2, kennysheep_windowed_goal, uniq_maggie

Notes
Turn   | Place    | Note
-------+----------+-------------------------------------------
     0 | D:1      | Irenicus the Deep Dwarf Earth Elementalist began the quest
                  | for the Orb.
     0 | D:1      | Reached XP level 1. HP: 15/15 MP: 3/3
   252 | D:1      | Reached XP level 2. HP: 7/22 MP: 0/4
   271 | D:1      | Reached skill level 5 in Earth Magic
   369 | D:1      | Learned a level 2 spell: Passwall
   589 | D:2      | Reached XP level 3. HP: 8/28 MP: 2/5
   654 | D:2      | Reached skill level 6 in Earth Magic
   859 | D:2      | Found Poan's Book Emporium.
  1001 | D:3      | Noticed Jessica
  1007 | D:3      | Killed Jessica
  1008 | D:3      | Reached XP level 4. HP: 10/36 MP: 0/6
  1197 | D:3      | Reached skill level 7 in Earth Magic
  1271 | D:3      | Reached skill level 2 in Spellcasting
  1301 | D:3      | Found a faded altar of an unknown god.
  1418 | D:4      | Found Nomnuf's Weapon Shoppe.
  1476 | D:4      | Reached XP level 5. HP: 12/42 MP: 4/8
  1500 | D:4      | Noticed an ogre
  1504 | D:4      | Killed an ogre
  1505 | D:4      | Reached skill level 8 in Earth Magic
  1654 | D:4      | Reached XP level 6. HP: 14/49 MP: 5/9
  1746 | D:4      | Found a sand-covered staircase.
  1750 | Ossuary  | Entered an ossuary
  1764 | Ossuary  | Reached skill level 9 in Earth Magic
  1783 | Ossuary  | Learned a level 3 spell: Stone Arrow
  1864 | Ossuary  | Identified 3 potions of resistance
  2042 | D:5      | Entered Level 5 of the Dungeon
  2048 | D:5      | HP: 2/49 [centaur/arrow (11)]
  2050 | D:5      | Gained mutation: You are partially covered in iridescent
                  | scales. (AC +2) [potion of mutation]
  2050 | D:5      | Gained mutation: You are mostly covered in iridescent
                  | scales. (AC +4) [potion of mutation]
  2062 | D:5      | Reached skill level 10 in Earth Magic
  2080 | D:5      | Reached XP level 7. HP: 23/55 MP: 0/10
  2122 | D:5      | Noticed Edmund
  2156 | D:5      | Reached skill level 11 in Earth Magic
  2190 | D:5      | Killed Edmund
  2254 | D:5      | Reached skill level 12 in Earth Magic
  2316 | D:5      | Reached XP level 8. HP: 26/62 MP: 6/11
  2339 | D:5      | Reached skill level 13 in Earth Magic
  2463 | D:6      | Reached skill level 14 in Earth Magic
  2600 | D:6      | Reached skill level 15 in Earth Magic
  2604 | D:6      | Found a runed translucent door.
  2607 | D:6      | Found a basalt altar of Yredelemnul.
  2645 | D:6      | Gained mutation: You passively map the area around you.
                  | [Deep Dwarf growth]
  2645 | D:6      | Reached XP level 9. HP: 14/68 MP: 3/12
  2854 | D:6      | Identified the amulet "Biarrut" {Spirit Regen+}
  2971 | D:7      | Noticed a green ugly thing
  3016 | D:7      | HP: 6/68 [something (9)]
  3050 | D:7      | HP: 6/102 [something (5)]
  3087 | D:7      | HP: 2/68 [something (5)]
  3087 | D:7      | Slain by a vampire

Vanquished Creatures
  A human (D:6)
  Edmund (D:5)
  A water moccasin (D:6)
  2 black bears (D:5)
  A necrophage (D:6)
  5 ogres
  2 sky beasts (D:6)
  2 centaurs
  2 scorpions
  2 water moccasin skeletons
  2 hounds
  5 orc priests
  A bullfrog skeleton (D:6)
  2 centaur skeletons
  Jessica (D:3)
  A scorpion zombie (D:5)
  6 orc wizards
  A mummy (Ossuary)
  5 adders
  An adder skeleton (D:2)
  A worm (D:4)
  2 dart slugs
  14 orcs
  2 spectral bats (Ossuary)
  6 endoplasms
  4 giant cockroaches
  7 goblins
  7 hobgoblins
  3 jackals (D:3)
  7 ball pythons
  4 bats
  3 bat simulacra (Ossuary)
  4 frilled lizards
  10 gnoll zombies (Ossuary)
  4 goblin simulacra (Ossuary)
  4 goblin zombies (Ossuary)
  5 hobgoblin zombies (Ossuary)
  6 kobolds
  2 kobold simulacra (Ossuary)
  4 kobold zombies
  5 orc zombies (Ossuary)
  7 rats
  5 rat simulacra (Ossuary)
  A spectral goblin (Ossuary)
  2 spectral kobolds (Ossuary)
  3 spectral rats (Ossuary)
166 creatures vanquished.

Vanquished Creatures (collateral kills)
  2 orcs (D:4)
  A hobgoblin (D:4)
  A quokka skeleton (D:4)
4 creatures vanquished.

Grand Total: 170 creatures vanquished

Table legend: (Time is in decaauts)
 A = Elapsed time spent in this place.
 B = Non-inter-level travel time spent in this place.
 C = Inter-level travel time spent in this place.
 D = Time resting spent in this place.
 E = Time spent auto-exploring this place.
 F = Levels seen in this place.
 G = Mean time per level.
                   A        B        C        D        E       F      G
               +--------+--------+--------+--------+--------+-----+--------+
         Total |   3080 |   2996 |     84 |      0 |     68 |   8 |  385.0 |
       Dungeon |   2792 |   2708 |     84 |      0 |     68 |   7 |  398.9 |
       Ossuary |    287 |    287 |      0 |      0 |      0 |   1 |  287.0 |
               +--------+--------+--------+--------+--------+-----+--------+

Top non-repeatable levels by time:
     D:3: 512 daAuts
     D:1: 479 daAuts
     D:6: 443 daAuts
     D:2: 427 daAuts
     D:5: 380 daAuts
     D:4: 345 daAuts
 Ossuary: 287 daAuts
     D:7: 202 daAuts

Table legend:
 A = Non-vault XP
 B = Vault XP
 C = Vault XP percentage of total XP
 D = Non-vault monster count
 E = Vault monster count
 F = Vault count percentage of total count
                 A         B        C        D         E       F
            +---------+---------+-------+---------+---------+-------
      Total |    2753 |     521 |  15.9 |     106 |      64 |  37.6
            +---------+---------+-------+---------+---------+-------
        D:1 |      31 |       0 |   0.0 |      20 |       0 |   0.0
        D:2 |      18 |      18 |  50.0 |      10 |       3 |  23.1
        D:3 |      45 |      56 |  55.4 |      16 |       6 |  27.3
        D:4 |     221 |      14 |   6.0 |      20 |       2 |   9.1
        D:5 |    1104 |     164 |  12.9 |      18 |       1 |   5.3
        D:6 |    1204 |     193 |  13.8 |      15 |       2 |  11.8
        D:7 |     130 |       0 |   0.0 |       7 |       0 |   0.0
    Ossuary |       0 |      76 | 100.0 |       0 |      50 | 100.0
            +---------+---------+-------+---------+---------+-------
